 Dungeon Crawl Stone Soup version 0.23.1-37-gaa34b87 (webtiles) character file.

Game seed: 3201508606590636285

366 Borgoz the Skirmisher (level 6, -7/52 HPs)
             Began as a Ghoul Fighter on Mar 21, 2019.
             Mangled by an ogre
             ... wielding a +0 giant club
              (16 damage)
             ... on level 4 of the Dungeon.
             The game lasted 00:05:21 (2904 turns).

Borgoz the Skirmisher (Ghoul Fighter)               Turns: 2904, Time: 00:05:22

Health: -7/52      AC:  8    Str: 20    XL:     6   Next: 68%
Magic:  14/14      EV:  8    Int:  4    God:
Gold:   142        SH:  8    Dex:  9    Spells: 5/5 levels left

rFire    . . .     SeeInvis .   a - +0 rapier
rCold    + . .     Gourm    .   c - +0 shield
rNeg     + + +     Faith    .   b - +0 scale mail
rPois    ∞         Spirit   .   (no helmet)
rElec    .         Reflect  .   w - +0 cloak
rCorr    .         Harm     .   (no gloves)
MR       .....                  (no boots)
Stlth    ..........             (no amulet)
HPRegen  0.00/turn              k - ring of magical power
MPRegen  0.14/turn              (no ring)

@: rotting
A: rotting body, claws 1, carnivore, cold resistance 1, negative energy
resistance 3, inhibited regeneration, torment resistance, unbreathing
a: no special abilities


You were on level 4 of the Dungeon.
You were not hungry.

You visited 1 branch of the dungeon, and saw 4 of its levels.
You also visited: Sewer.

You collected 142 gold pieces.

Inventory:

Hand Weapons
 a - a +0 rapier (weapon)
 v - a +2 quarterstaff of chaos
Missiles
 t - a throwing net (quivered)
Armour
 b - a +0 scale mail (worn)
 c - a +0 shield (worn)
 w - a +0 cloak (worn)
Jewellery
 k - a ring of magical power (left claw)
Wands
 i - a wand of digging (3)
Scrolls
 e - 2 scrolls of identify
 h - a scroll of remove curse
 n - 3 scrolls of teleportation
 o - a scroll of fear {unknown}
 q - a scroll of enchant weapon {unknown}
 x - a scroll of magic mapping
 y - 3 scrolls of amnesia
Potions
 d - 2 potions of might
 j - a potion of haste
 l - a potion of degeneration {unknown}
 m - a potion of magic {unknown}
 p - a potion of flight
 r - a potion of agility
 s - 2 potions of brilliance
 u - 2 potions of mutation {unknown}
Comestibles
 f - 7 rations
 g - 3 chunks of flesh


   Skills:
 + Level 4.2 Fighting
 * Level 3.3 Short Blades
 * Level 4.0 Armour
 * Level 2.7 Dodging
 + Level 2.3 Stealth
 - Level 2.7 Shields


You had 5 spell levels left.
You didn't know any spells.
Your spell library was empty.

Dungeon Overview and Level Annotations

Branches:
Dungeon (4/15)
 Temple: D:4-7

Altars:
Fedhas
Qazlal


Innate Abilities, Weirdness & Mutations

Your body is rotting away.
You thrive on raw meat.
You are immune to poison.
You have sharp fingernails.
You are carnivorous and can eat meat at any time.
Your flesh is cold resistant. (rC+)
You are immune to negative energy. (rN+++)
You do not regenerate when monsters are visible.
You are immune to unholy pain and torment.
You can survive without breathing.


Message History

The worker ant zombie is severely damaged.
The ogre hits you with a +0 giant club!
The worker ant zombie bites you but does no damage.
You are too injured to fight recklessly!
You are too injured to fight recklessly!
You puncture the ogre!
The ogre is moderately wounded.
The worker ant zombie bites you but does no damage.
The ogre hits you with a +0 giant club!
* * * LOW HITPOINT WARNING * * *
You hit the ogre.
The ogre is heavily wounded.
The worker ant zombie bites you.
* * * LOW HITPOINT WARNING * * *
You block the ogre's attack.
The worker ant zombie barely misses you.
You hit the ogre.
The ogre is severely wounded.
The ogre hits you with a +0 giant club!
You die...

#....##..#
#....## #
###....##
#.#....#..#### .
#.#.####.....#
#.#........#####
............#
............#
......O@....#
...#.#Z.....#
..........#
##..#.######
#..##. .(.. ..
##. ##. . #.


You could see an ogre and a worker ant zombie.

Vanquished Creatures
  3 jellies (D:3)
  Crazy Yiuf (D:2)
  Ijyb (D:3)
  Jessica (D:2)
  An iguana (D:3)
  2 river rats (Sewer)
  3 adders
  6 oozes (D:3)
  3 worms (D:2)
  A dart slug (D:1)
  6 leopard geckos
  10 bats
  5 giant cockroaches
  6 goblins
  5 hobgoblins
  A jackal (D:1)
  2 ball pythons (Sewer)
  13 frilled lizards
  15 kobolds
  11 rats
96 creatures vanquished.

Vanquished Creatures (others)
  2 fungi (D:3)
  5 toadstools (D:3)
7 creatures vanquished.

Grand Total: 103 creatures vanquished

Notes
Turn   | Place    | Note
-------+----------+-------------------------------------------
     0 | D:1      | Borgoz the Ghoul Fighter began the quest for the Orb.
     0 | D:1      | Reached XP level 1. HP: 19/19 MP: 0/0
   101 | D:1      | You fall through a shaft!
   136 | D:2      | Found a stormy altar of Qazlal.
   147 | D:2      | Reached XP level 2. HP: 13/26 MP: 1/1
   218 | D:2      | Found a faded altar of an unknown god.
   537 | D:1      | Reached XP level 3. HP: 12/31 MP: 2/2
   542 | D:1      | Reached skill level 1 in Dodging
  1027 | D:2      | Noticed Jessica
  1034 | D:2      | Killed Jessica
  1034 | D:2      | Reached skill level 1 in Stealth
  1034 | D:2      | Reached XP level 4. HP: 39/40 MP: 3/3
  1388 | D:2      | Found a runed translucent door.
  1389 | D:2      | Noticed Crazy Yiuf
  1518 | D:2      | Killed Crazy Yiuf
  1648 | D:3      | Noticed Ijyb
  1690 | D:3      | Killed Ijyb
  1690 | D:3      | Reached XP level 5. HP: 20/46 MP: 4/4
  1755 | D:3      | Found a glowing drain.
  1789 | Sewer    | Entered a sewer
  2291 | D:3      | Reached XP level 6. HP: 47/52 MP: 5/5
  2597 | D:3      | Found a blossoming altar of Fedhas.
  2904 | D:4      | Mangled by an ogre

Skill      XL: |  1  2  3  4  5  6 |
---------------+-------------------+-----
Short Blades   | 2 3 |  3.3
Armour         | 3 4 |  4.0
Dodging        | 1 2 |  2.7
Stealth        | 1 2 |  2.3
Fighting       | 4 |  4.2
Shields        | |  2.7

Action                   |  1- 3 |  4- 6 || total
-------------------------+-------+-------++-------
Melee: Rapier            |   111 |   287 ||   398
  Use: Scroll            |       |     9 ||     9
 Stab: Invisible         |       |     2 ||     2
  Eat: Chunk             |     7 |    11 ||    18
Armor: Scale mail        |    69 |   110 ||   179
Dodge: Dodged            |    42 |    95 ||   137
Block: Shield            |    56 |   137 ||   193
